 Dungeon Crawl Stone Soup version 0.30-a0-949-g53dc5368d7 (webtiles) character file.

Game seed: 984647140369491250

44 Iich the Trooper (level 3, 29/29 HPs)
             Began as a Demonspawn Fighter on Mar 27, 2023.
             Got out of the dungeon alive.
             The game lasted 00:01:14 (966 turns).

Iich the Trooper (Demonspawn Fighter)                Turns: 966, Time: 00:01:15

Health: 29/29      AC:  6    Str: 16    XL:     3   Next: 39%
Magic:  3/3        EV:  8    Int:  9    God:
Gold:   39         SH:  4    Dex: 14    Spells: 2/2 levels left

rFire   . . .      SeeInvis .    a - +0 war axe
rCold   . . .      Faith    .    c - +0 buckler
rNeg    . . .      Spirit   .    b - +0 scale mail
rPois   .          Reflect  .    (no helmet)
rElec   .          Rampage  .    (no cloak)
rCorr   .                        (no gloves)
Will    .....                    (no boots) Stlth
                                 e - amulet of the acrobat
HPRegen 0.24/turn                (no ring)
MPRegen 0.08/turn                (no ring)

@: no status effects
A: demonic guardian 1
a: no special abilities


You escaped.
You visited 1 branch of the dungeon, and saw 2 of its levels.

You collected 39 gold pieces.

Inventory:

Hand Weapons
 a - a +0 war axe (weapon)
Armour
 b - a +0 scale mail (worn)
 c - a +0 buckler (worn)
Jewellery
 e - an amulet of the acrobat (around neck)
Potions
 d - a potion of might
 f - a potion of brilliance {unknown}
 g - a potion of curing {unknown}


   Skills:
 + Level 3.5 Fighting
 * Level 3.1 Axes
 - Level 2.6 Armour
 - Level 2.6 Shields


You had 2 spell levels left.
You didn't know any spells.
Your spell library was empty.

Dungeon Overview and Level Annotations

Branches:
Dungeon (2/15)

Altars:


Innate Abilities, Weirdness & Mutations

A weak demonic guardian rushes to your aid.


Message History

No target in view!
No target in view!
No target in view!
No target in view!
Your iron imp disappears in a puff of smoke!
HP restored.
An adder comes into view.
Found a rapier.
The adder hisses angrily.
Health restored: 29 The adder misses you.
You hit the adder.
The adder is lightly wounded.
The adder bites you but does no damage.
You hit the adder.
The adder is moderately wounded.
The adder closely misses you. The adder bites you but does no damage.
You slash the adder!
You kill the adder!
Your Axes skill increases to level 3!
No target in view!
No target in view!
You see here 7 stones.
Found a stone staircase leading up.
Found a stone staircase leading down.
No target in view!
No target in view!
(D) Dungeon
Where to? (Enter - D:2, ? - help)
What level of the Dungeon? (default 1, ? - help)
You see here a +0 rapier.
There is a stone staircase leading up here.
You climb upwards.
There is a stone staircase leading down here.
There is an open door here.
There is an open door here.
There is an open door here.
There is a staircase leading out of the dungeon here.
Are you sure you want to leave the Dungeon?
This will make you lose the game!
You have escaped!

~PP~~♣♣♣~~P♣~# #######........
~P.~~♣♣P~~P♣~# #........
~PP~~♣♣♣~~♣P~# #........
~P♣~~♣P♣~~♣.~# #........
~♣P~~♣P♣~~.P~# #####........
~..~~~~~~~P.~##### #............
~P.~.....~P♣~#...# #........####
~~~~.###.~~~~#...# #....††..# #
.....#§#.....'..@# #........#
~~~~.###.~~~~#...####.....#######
~♣P~.....~.P~#...#..............#
~♣♣~~~~~~~.P~#######............#
~P♣~~..P~~P♣~#........##........#
~♣P~~♣P.~~.P~#.######.##........#
~P.~~♣.P~~P♣~#...................
~♣♣~~♣♣.~~♣P~#.######.#..........
~PP~~.PP~~♣♣~#.######.#..........


There were no monsters in sight!

Vanquished Creatures
  An adder (D:2)
  A dart slug (D:1)
  A bat (D:1)
  2 endoplasms
  7 giant cockroaches (D:1)
  6 hobgoblins (D:1)
  3 ball pythons (D:1)
  2 frilled lizards (D:1)
  2 kobolds (D:1)
  2 rats (D:1)
27 creatures vanquished.

Vanquished Creatures (collateral kills)
  A kobold (D:1)
1 creature vanquished.

Grand Total: 28 creatures vanquished

Notes
Turn   | Place    | Note
-------+----------+-------------------------------------------
     0 | D:1      | Iich the Demonspawn Fighter began the quest for the Orb.
     0 | D:1      | Reached XP level 1. HP: 18/18 MP: 1/1
    81 | D:1      | Gained mutation: A weak demonic guardian rushes to your
                  | aid. [demonic ancestry]
    81 | D:1      | Reached XP level 2. HP: 24/24 MP: 2/2
   383 | D:1      | Reached XP level 3. HP: 28/29 MP: 3/3
   966 | D:$      | Got out of the dungeon alive.

Illustrated notes

Levels and vault maps discovered:
D:1:      lightli_arrival_farm, layout_basic, minmay_worlds_worst_comb
D:2:      minmay_alternating_diamond, layout_basic

Skill      XL: |  1  2  3 |
---------------+----------+-----
Axes           | 2 3 |  3.1
Fighting       | |  3.5
Armour         | |  2.6
Shields        | |  2.6

Action                     || total
---------------------------++-------
  Melee: War axe           ||    75
   Stab: Distracted        ||     1
 Armour: Scale mail        ||    33
  Dodge: Dodged            ||    40
  Block: Buckler           ||    20

Table legend: (Time is in decaauts)
 A = Elapsed time spent in this place.
 B = Non-inter-level travel time spent in this place.
 C = Inter-level travel time spent in this place.
 D = Time resting spent in this place.
 E = Time spent auto-exploring this place.
 F = Levels seen in this place.
 G = Mean time per level.
                   A        B        C        D        E       F      G
               +--------+--------+--------+--------+--------+-----+--------+
         Total |   1021 |    886 |    135 |      0 |    701 |   2 |  510.5 |
       Dungeon |   1021 |    886 |    135 |      0 |    701 |   2 |  510.5 |
               +--------+--------+--------+--------+--------+-----+--------+

Top non-repeatable levels by time:
     D:1: 903 daAuts
     D:2: 118 daAuts
